 Seeded DCSS version 0.31-a0-496-g6f97920a28 (webtiles) character file.

Game seed: 7415222406553760909 (custom seed)

155551 innerfire43 the Thaumaturge (level 17, -10/129 (134) HPs)
             Began as a Demonspawn Monk on Aug 8, 2023.
             Was the Champion of Uskayaw.
             Killed from afar by an eidolon (22 damage)
             ... with a bolt of negative energy
             ... on level 3 of the Abyss.
             The game lasted 01:08:20 (23870 turns).

innerfire43 the Thaumaturge (Demonspawn Monk)      Turns: 23870, Time: 01:08:21

HP:   -10/129 (134) AC: 24    Str: 13      XL:     17   Next: 8%
MP:   14/32         EV: 27    Int: 16 (20) God:    Uskayaw [******]
Gold: 1071          SH:  0    Dex: 24 (25) Spells: 27/39 levels left

rFire   + .          .
                       - Unarmed
rCold   . . .        c - melded orb {light}
rNeg    . . .        R - +3 troll leather armour
rPois   .            J - +2 helmet {Int+3}
rElec   .            r - +2 cloak
rCorr   .            (gloves unavailable)
SInv    .            (no boots)
Will    +....        D - amulet of faith
Stlth   +            d - ring of wizardry
HPRegen 0.00/turn    p - +6 ring of intelligence
MPRegen 0.23/turn

%: faith, wizardry (x1)
@: flux-form, wereblooded, sanguine armoured, sick, very slightly contaminated,
glowing, lightly drained
A: glow, contaminating, claws 3, robust 1, spiny 2, sanguine armour 3, demonic
magic 2, talons 1, agile 1, deterioration 2, fire resistance 1, devolution 1
a: Begin Untransformation, Renounce Religion, Stomp, Line Pass, Grand Finale


You were on level 3 of the Abyss.
You worshipped Uskayaw.
Uskayaw was noncommittal.
You were something dangerously unstable.
You visited 3 branches of the dungeon, and saw 21 of its levels.
You visited the Abyss 1 time.
You also visited: Bailey.

You collected 1896 gold pieces.
You spent 825 gold pieces at shops.

Inventory:

Armour
 c - an orb of light (melded)
 r - a +2 cloak (worn)
 J - a +2 helmet of intelligence (worn)
 R - a +3 troll leather armour (worn)
 U - the +0 chain mail of the Gazing Gods {Harm Fly Regen+ Stlth-}
   (You found it on level 5 of the Lair of Beasts)

   Fly:       It grants you flight.
   Regen:     It increases your rate of health regeneration.
   Harm:      It increases damage dealt and taken.
   Stlth:     It makes you less stealthy.
Jewellery
 a - a +4 ring of protection
 d - a ring of wizardry (left claw)
 j - a ring of wizardry
 m - a ring of see invisible
 o - a ring of poison resistance
 p - a +6 ring of intelligence (right claw)
 D - an amulet of faith (around neck)
 V - a +4 ring of protection
 Z - a ring of protection from cold
Talismans
 v - a granite talisman
 B - a flux talisman (active)
Wands
 q - a wand of roots (18)
 y - a wand of paralysis (32)
 C - a wand of polymorph (10)
 F - a wand of flame (29)
Scrolls
 b - 5 scrolls of vulnerability
 f - 5 scrolls of identify
 g - 13 scrolls of teleportation
 k - 9 scrolls of fog
 l - 3 scrolls of poison
 n - 2 scrolls of torment
 s - 5 scrolls of fear
 A - 2 scrolls of silence
 E - 3 scrolls of immolation
 K - a scroll of revelation
 S - a scroll of enchant armour
Potions
 e - 2 potions of might
 h - 5 potions of mutation
 i - 6 potions of lignification
 t - 2 potions of resistance
 u - 2 potions of enlightenment
 w - 2 potions of brilliance
 z - 2 potions of cancellation
 I - 6 potions of curing
 M - a potion of attraction
 N - a potion of berserk rage
 P - 4 potions of haste
 T - 3 potions of ambrosia
 X - a potion of magic


   Skills:
 - Level 8.2 Fighting
 - Level 11.0 Dodging
 - Level 11.0 Unarmed Combat
 + Level 11.9 Spellcasting
 - Level 10.1 Conjurations
 - Level 8.0 Transmutations
 - Level 7.4 Air Magic
 - Level 7.4 Invocations
 * Level 11.9 Shapeshifting


You had 27 spell levels left.
You knew the following spells:

 Your Spells              Type           Power      Damage    Failure   Level
a - Wereblood             Tmut           35%        N/A       1%          2
b - Irradiate             Conj/Tmut      19%        3d18      2%          5
c - Arcjolt               Conj/Air       18%        1d28      2%          5

Your spell library contained the following spells:

 Spells                   Type           Power      Damage    Failure   Level
 Hailstorm                Conj/Ice       25%        3d7       1%          3
 Mephitic Cloud           Conj/Pois/Air  28%        N/A       1%          3
 Vhi's Electric Charge    Tloc/Air       42%        N/A       2%          3
 Freeze                   Ice            36%        1d5       4%          1
 Slow                     Hex            36%        N/A       4%          1
 Ignite Poison            Fire/Tmut/Pois 18%        N/A       4%          3
 Petrify                  Tmut/Erth      22%        N/A       8%          4
 Confusing Touch          Hex            9%         N/A       12%         3
 Frozen Ramparts          Ice            18%        1d3       12%         3
 Vampiric Draining        Necr           9%         2d6       12%         3
 Manifold Assault         Tloc           9%         N/A       34%         4
 Metabolic Englaciation   Hex/Ice        4%         N/A       69%         5
 Plasma Beam              Fire/Air       10%        2x1d21    75%         6
 Dispersal                Tloc           4%         N/A       99%         6
 Disjunction              Tloc           4%         N/A       100%        8


Dungeon Overview and Level Annotations

Branches:
Dungeon (12/15)              Lair (5/5) D:9           Swamp (4/4) Lair:2
 Spider (0/4) Lair:2        Slime (0/5) Lair:4          Orc (0/2) D:10
 Bailey (visited)
 Temple: D:4-7

Altars:
Dithmenos
Gozag
Hepliaklqana
Nemelex Xobeh
Qazlal
Trog
Uskayaw
Yredelemnul
Jiyva

Shops:
D:1 ?   D:4 (   D:8 ?   D:9 !   D:10 ?   D:11 ?

Portals:
Trove: D:12 (give 6 scrolls of fear)

Annotations:
Swamp:4 2 transporters, Hubris850's ghost, adept HOFi


Innate Abilities, Weirdness & Mutations

You are something dangerously unstable.
You glow with magical radiation, making you easy to see and hit.
Foes you strike become dangerously contaminated with magical radiation.
You are incapable of wielding weapons or throwing items.
You have claws for hands.
You are robust. (+10% HP)
You are mostly covered in sharp spines.
When seriously injured, your blood forms very thick armour. (AC +12)
Spells you cast may paralyse nearby enemies.
You have sharp toenails.
You are agile. (Dex +4, Str/Int -1)
Your body often deteriorates upon taking damage.
Your flesh is heat resistant. (rF+)
You have hidden genetic defects.


Message History

The starcursed mass is struck by an electric surge.
The starcursed mass is heavily damaged.
The starcursed mass is struck by an electric surge!!
You destroy the starcursed mass!
The starcursed mass is struck by an electric surge!
The starcursed mass is severely damaged.
The starcursed mass is struck by an electric surge!
The starcursed mass is severely damaged.
Malevolent energies surge around you.
The starcursed mass shudders and is absorbed by its neighbour. x4
The starcursed mass shudders and withdraws towards its neighbour.
You hear a bark! x4
The thrashing horror closely misses you.
The thrashing horror misses you.
The thrashing horror is struck by your spines.
The thrashing horror completely misses you.
The thrashing horror tramples you but does no damage.
A large abomination comes into view.
You claw the thrashing horror!
The thrashing horror begins to glow.
Your kick misses the thrashing horror.
The thrashing horror is severely damaged.
The thrashing horror completely misses you. x2
The thrashing horror tramples you!
* * * LOW HITPOINT WARNING * * *
You hold your ground!
The thrashing horror barely misses you.
Blink to where?
Press: ? - help, Dir - move target An eidolon comes into view.
As you read the scroll of blinking, it crumbles to dust.
The eidolon gives a chilling moan.
You claw the thrashing horror!
The thrashing horror glows dangerously bright.
The thrashing horror is almost destroyed.
The thrashing horror tramples you!
* * * LOW HITPOINT WARNING * * *
You hold your ground!
The thrashing horror closely misses you.
The eidolon stares piercingly at you. The bolt of negative energy hits you!!
You feel drained.
You die...

....##..x.#
###......#### # #.##
#.#........#..##. .#♣
...XX......#........
........#.#....##. .
.......#.#....... . ..
.........X...#... ... ..
........#.....#..###.#..
.....##>XB.#.#.... ....
....##..♣...#.##. ..
.... #...♣~.#.##.#. .. .
##..~...#......... ...
..#..#.#.. .#
#.W...♣....#.#. #
#........... .. .
#.....~.....##..... ...
. .. ..... ..


You could see a starcursed mass, an eidolon and 2 thrashing horrors.

Vanquished Creatures
  Bai Suzhen (Swamp:3)
  Jorgrun (Swamp:3)
  2 tentacled monstrosities (Swamp:4)
  A lich (Abyss:3)
  Frances (D:12)
  Donald (Swamp:4)
  2 fenstrider witches (Swamp:4)
  Roxanne (Swamp:3)
  A cacodemon (Abyss:3)
  4 ghouls
  6 eleionomae
  A dire elephant (Lair:4)
  2 bunyips
  A blizzard demon (Swamp:4)
  A green death (Swamp:4)
  2 shambling mangroves
  Fannar (Lair:1)
  A fire dragon (Lair:5)
  Erolcha (D:11)
  10 hydras
  A ghost crab (Swamp:2)
  2 ogre magi (Swamp:4)
  A catoblepas (Lair:5)
  4 two-headed ogres
  3 boulder beetles
  13 alligators
  A thrashing horror (Abyss:3)
  A death yak (D:9)
  A soul eater (Swamp:4)
  Nergalle (D:11)
  12 spriggans
  A titan skeleton (Abyss:2)
  A skyshark (Lair:3)
  5 goliath frogs
  3 sixfirhies
  The ghost of CraigForest the Cleaver, a novice GrFi of Hepliaklqana (D:8)
  Lodul (D:11)
  3 spriggan druids
  4 swamp dragons
  Pikel (D:6)
  4 bog bodies
  An orc knight (Bailey)
  4 wizards (Swamp:4)
  3 deep elf pyromancers
  An orc sorcerer (Swamp:4)
  A manticore (D:11)
  An ugly thing (D:12)
  3 cyclopes
  24 elephants
  3 will-o-the-wisps
  An apocalypse crab (Abyss:2)
  6 black mambas
  3 orange demons (Swamp:4)
  A smoke demon (Abyss:3)
  16 cane toads
  12 komodo dragons
  An unseen horror (D:11)
  3 kobold demonologists
  An ancient zyme (Abyss:3)
  2 ice devils (D:11)
  5 rime drakes
  Maggie (Lair:1)
  A guardian mummy (D:12)
  2 trolls (D:10)
  4 hellwings (Swamp:4)
  12 polar bears
  17 blink frogs
  8 tyrant leeches
  Prince Ribbit (D:7)
  3 raiju (Lair:5)
  17 hornets
  Sigmund (D:5)
  7 dream sheep (Lair:5)
  2 shadows (D:8)
  5 slime creatures (D:12)
  49 yaks
  4 wyverns
  2 wraiths
  4 basilisks
  2 fire bats (Abyss:2)
  A neqoxec (Swamp:4)
  7 vampire mosquitoes
  4 steam dragons
  11 swamp worms
  4 acid dragons
  A small abomination (Abyss:2)
  7 water moccasins
  6 wargs
  Edmund (D:5)
  14 hell hounds (Lair:5)
  3 swamp drakes
  13 orc warriors
  An ice beast (D:3)
  14 black bears
  A sky beast (D:7)
  22 wolves
  9 ogres
  2 centaurs (D:9)
  A lemure (D:6)
  3 phantoms
  3 kobold brigands
  9 bullfrogs
  5 scorpions
  A gnoll sergeant (D:11)
  A necrophage (Swamp:2)
  6 killer bees
  2 electric eels (Lair:4)
  4 jellies
  5 hounds
  3 gnoll boudas
  6 orc priests
  Ijyb (D:5)
  Crazy Yiuf (D:5)
  9 iguanas
  7 starcursed masses (Abyss:3)
  A sleepcap (D:7)
  4 hell rats (Lair:5)
  13 orc wizards
  Robin (D:2)
  19 gnolls
  6 adders
  3 shadow imps
  2 white imps
  An ufetubus (Abyss:2)
  5 worms
  5 dart slugs
  45 orcs
  4 bats
  4 endoplasms
  4 giant cockroaches
  20 goblins
  7 hobgoblins
  15 jackals
  8 quokkas
  6 ball pythons
  4 frilled lizards
  12 kobolds
  4 rats
720 creatures vanquished.

Vanquished Creatures (collateral kills)
  An alligator (Swamp:2)
1 creature vanquished.

Vanquished Creatures (others)
  A sixfirhy (Abyss:3)
  A basilisk (Lair:5)
  A goblin (D:2)
  16 foxfires
19 creatures vanquished.

Grand Total: 740 creatures vanquished

Notes
Turn   | Place    | Note
-------+----------+-------------------------------------------
     0 | D:1      | innerfire43 the Demonspawn Monk began the quest for the
                  | Orb.
     0 | D:1      | Reached XP level 1. HP: 18/18 MP: 1/1
    94 | D:1      | Gained mutation: You are partially covered in sharp spines.
                  | [demonic ancestry]
    94 | D:1      | Reached XP level 2. HP: 9/24 MP: 2/2
    97 | D:1      | Reached skill level 1 in Shapeshifting
   467 | D:1      | Reached XP level 3. HP: 23/29 MP: 3/3
   562 | D:1      | Found Onoqawk's Magic Scroll Emporium.
  1161 | D:2      | Noticed Robin
  1195 | D:2      | Killed Robin
  1196 | D:2      | Reached XP level 4. HP: 21/35 MP: 4/4
  1749 | D:3      | Found a hide-covered altar of Uskayaw.
  1754 | D:3      | Noticed a bullfrog
  1756 | D:3      | Found a stormy altar of Qazlal.
  1761 | D:3      | Found a transporter.
  1762 | D:3      | Found a basalt altar of Yredelemnul.
  1762 | D:3      | Noticed an ice beast
  1767 | D:3      | Found a transporter.
  1824 | D:3      | Found a shadowy altar of Dithmenos.
  1889 | D:3      | Found a sparkling altar of Nemelex Xobeh.
  2397 | D:3      | Reached XP level 5. HP: 41/41 MP: 5/5
  2454 | D:3      | Became a worshipper of Uskayaw the Reveller
  2454 | D:3      | Reached * piety under Uskayaw
  2457 | D:3      | Reached ** piety under Uskayaw
  2458 | D:3      | HP: 2/41 [iguana (9)]
  2464 | D:3      | Reached *** piety under Uskayaw
  2466 | D:3      | Reached **** piety under Uskayaw
  2467 | D:3      | Killed an ice beast
  2468 | D:3      | Gained mutation: You are mostly covered in sharp spines.
                  | [demonic ancestry]
  2468 | D:3      | Reached XP level 6. HP: 24/47 MP: 6/6
  2697 | D:4      | Found Zyerchael's Weapon Shop.
  3284 | D:4      | Reached XP level 7. HP: 52/52 MP: 7/7
  3693 | D:5      | Entered Level 5 of the Dungeon
  3733 | D:5      | Noticed Pikel
  3735 | D:5      | Noticed Ijyb
  3735 | D:5      | Noticed Sigmund
  3773 | D:6      | Killed Pikel
  3774 | D:6      | Reached skill level 5 in Unarmed Combat
  3893 | D:6      | Reached skill level 5 in Shapeshifting
  3893 | D:6      | Gained mutation: You have sharp fingernails. [demonic
                  | ancestry]
  3893 | D:6      | Reached XP level 8. HP: 58/58 MP: 8/8
  3987 | D:5      | Killed Sigmund
  3988 | D:5      | Reached skill level 5 in Dodging
  3991 | D:5      | Killed Ijyb
  4158 | D:5      | Noticed Edmund
  4172 | D:5      | Killed Edmund
  4175 | D:5      | Reached ***** piety under Uskayaw
  4544 | D:5      | Found a runed translucent door.
  4545 | D:5      | Noticed Crazy Yiuf
  4586 | D:5      | Killed Crazy Yiuf
  4653 | D:5      | Gained mutation: You occasionally lose the ability to drink
                  | potions when taking damage. [potion of mutation]
  4653 | D:5      | Gained mutation: You sometimes lose the ability to drink
                  | potions when taking damage. [potion of mutation]
  4653 | D:5      | Gained mutation: You have sharp toenails. [potion of
                  | mutation]
  4653 | D:5      | Gained mutation: You are strong-willed. (Will+) [potion of
                  | mutation]
  4924 | D:6      | You fall into a shaft and drop 1 floor!
  4984 | D:7      | Found a flagged portal.
  5001 | Bailey   | Entered a bailey
  5024 | Bailey   | Gained mutation: When seriously injured, your blood forms
                  | armour. (AC +12) [demonic ancestry]
  5024 | Bailey   | Reached XP level 9. HP: 15/63 MP: 9/9
  5265 | Bailey   | Noticed an orc knight
  5280 | Bailey   | HP: 1/63 [orc warrior/+0 halberd (12)]
  5533 | Bailey   | Learned a level 2 spell: Wereblood
  5544 | Bailey   | Killed an orc knight
  5942 | D:7      | Reached ****** piety under Uskayaw
  5950 | D:7      | Reached skill level 1 in Spellcasting
  5950 | D:7      | Reached skill level 1 in Transmutations
  5970 | D:7      | Gained mutation: When seriously injured, your blood forms
                  | thick armour. (AC +12) [demonic ancestry]
  5970 | D:7      | Reached XP level 10. HP: 31/70 MP: 3/12
  6420 | D:7      | Lost mutation: You sometimes lose the ability to drink
                  | potions when taking damage. [potion of mutation]
  6420 | D:7      | Lost mutation: You are strong-willed. (Will+) [potion of
                  | mutation]
  6420 | D:7      | Lost mutation: You occasionally lose the ability to drink
                  | potions when taking damage. [potion of mutation]
  6420 | D:7      | Gained mutation: Your body sometimes deteriorates upon
                  | taking damage. [potion of mutation]
  6420 | D:7      | Gained mutation: You are agile. (Dex +4, Str/Int -1)
                  | [potion of mutation]
  6420 | D:7      | Gained mutation: Your flesh is heat resistant. (rF+)
                  | [potion of mutation]
  6465 | D:7      | Noticed Prince Ribbit
  6471 | D:7      | Killed Prince Ribbit
  6552 | D:7      | Got the Compilation of Sickening Configuration
  7716 | D:8      | Found Toang's Magic Scroll Shop.
  7844 | D:8      | Noticed a sun demon
  8070 | D:8      | Found a runed translucent gate.
  8070 | D:8      | Found a runed translucent gate.
  8070 | D:8      | Found a runed translucent gate.
  8075 | D:8      | Noticed CraigForest's ghost (novice GrFi)
  8147 | D:8      | Killed CraigForest's ghost
  8275 | D:9      | Found Rantah's Distillery.
  8282 | D:9      | Found an opulent altar of Gozag.
  8291 | D:9      | Bought a potion of haste for 120 gold pieces
  8291 | D:9      | Bought a potion of curing for 36 gold pieces
  8291 | D:9      | Bought a potion of heal wounds for 60 gold pieces
  8291 | D:9      | Bought a potion of curing for 36 gold pieces
  8291 | D:9      | Bought a potion of heal wounds for 60 gold pieces
  8291 | D:9      | Bought a potion of curing for 36 gold pieces
  8291 | D:9      | Bought a potion of haste for 120 gold pieces
  8482 | D:9      | Found a hazy altar of Hepliaklqana.
  8499 | D:9      | Found an opulent altar of Gozag.
  8521 | D:9      | Found an opulent altar of Gozag.
  8529 | D:9      | Noticed an elephant
  8532 | D:9      | Noticed a death yak
  8560 | D:10     | Entered Level 10 of the Dungeon
  8706 | D:9      | Reached XP level 11. HP: 59/78 MP: 15/15
  8711 | D:9      | Killed a death yak
  8712 | D:9      | Reached skill level 5 in Fighting
  8854 | D:9      | Found a staircase to the Lair.
  8915 | D:9      | Found an opulent altar of Gozag.
  9514 | D:10     | Found a staircase to the Orcish Mines.
  9533 | D:10     | Found Naes's Magic Scroll Shop.
  9564 | D:10     | Noticed a two-headed ogre
  9572 | D:10     | Killed a two-headed ogre
  9588 | D:10     | Bought a scroll of enchant armour for 105 gold pieces
  9706 | D:10     | Found a bloodstained altar of Trog.
 10592 | D:10     | Bought a scroll of identify for 28 gold pieces
 10592 | D:10     | Bought a scroll of identify for 28 gold pieces
 10592 | D:10     | Bought a scroll of identify for 28 gold pieces
 10592 | D:10     | Bought a scroll of identify for 28 gold pieces
 10592 | D:10     | Bought a scroll of identify for 28 gold pieces
 10643 | D:11     | Noticed Nergalle
 10659 | D:11     | Killed Nergalle
 10760 | D:11     | Found Qemerukk's Magic Scroll Boutique.
 10765 | D:11     | Noticed a two-headed ogre
 10771 | D:11     | Killed a two-headed ogre
 10897 | D:11     | Noticed Erolcha
 10906 | D:11     | Killed Erolcha
 11054 | D:11     | Found a frozen archway.
 11138 | D:11     | Noticed Lodul
 11147 | D:11     | Gained mutation: When seriously injured, your blood forms
                  | very thick armour. (AC +12) [demonic ancestry]
 11147 | D:11     | Reached XP level 12. HP: 35/88 MP: 18/18
 11161 | D:11     | Killed Lodul
 11752 | D:11     | Bought a scroll of enchant armour for 112 gold pieces
 12981 | D:12     | Noticed Frances
 13001 | D:12     | HP: 1/89 [Frances/entropic shot (30)]
 13006 | D:12     | Killed Frances
 13007 | D:12     | Reached skill level 5 in Spellcasting
 13007 | D:12     | Reached skill level 5 in Transmutations
 13147 | D:12     | Noticed a two-headed ogre
 13153 | D:12     | Killed a two-headed ogre
 13307 | D:12     | Noticed a two-headed ogre
 13313 | D:12     | Killed a two-headed ogre
 13390 | D:12     | Reached skill level 10 in Dodging
 13505 | D:12     | Reached skill level 10 in Unarmed Combat
 13661 | D:12     | Found a portal to a secret trove of treasure.
 14005 | Lair:1   | Entered Level 1 of the Lair of Beasts
 14021 | Lair:1   | Noticed Fannar
 14033 | Lair:1   | Killed Fannar
 14148 | Lair:1   | Noticed Maggie
 14155 | Lair:1   | Killed Maggie
 14314 | Lair:1   | Gained mutation: Spells you cast may paralyse adjacent
                  | enemies. [demonic ancestry]
 14314 | Lair:1   | Reached XP level 13. HP: 67/96 MP: 21/21
 14939 | Lair:2   | Found a hole to the Spider Nest.
 15039 | Lair:2   | Reached skill level 5 in Invocations
 15039 | Lair:2   | Gained mutation: Spells you cast may paralyse nearby
                  | enemies. [demonic ancestry]
 15039 | Lair:2   | Reached XP level 14. HP: 103/103 MP: 21/23
 15147 | Lair:2   | Found a staircase to the Swamp.
 15337 | Lair:2   | Reached skill level 10 in Shapeshifting
 15832 | Lair:2   | Learned a level 5 spell: Irradiate
 16631 | Lair:3   | Reached skill level 5 in Conjurations
 16786 | Lair:4   | Found a runed translucent door.
 16786 | Lair:4   | Found a viscous altar of Jiyva.
 16786 | Lair:4   | Found a staircase to the Slime Pits.
 17169 | Lair:4   | Identified the +8 great sword of Courage {venom, +Blink
                  | Dex+3}
 17317 | Lair:4   | Learned a level 5 spell: Arcjolt
 17685 | Lair:5   | Entered Level 5 of the Lair of Beasts
 17708 | Lair:5   | Reached skill level 1 in Air Magic
 17708 | Lair:5   | Gained mutation: You have very sharp fingernails. [demonic
                  | ancestry]
 17708 | Lair:5   | Reached XP level 15. HP: 82/110 MP: 26/26
 18280 | Lair:5   | Identified the +0 chain mail of the Gazing Gods {Harm Fly
                  | Regen+ Stlth-}
 18984 | Lair:5   | Reached skill level 5 in Air Magic
 18988 | Lair:5   | Identified the +6 trident of the Trees {spect, Will+}
 19784 | Swamp:1  | Entered Level 1 of the Swamp
 20936 | Swamp:2  | Gained mutation: You are robust. (+10% HP) [demonic
                  | ancestry]
 20936 | Swamp:2  | Reached XP level 16. HP: 38/128 MP: 29/29
 21562 | Swamp:3  | Reached skill level 10 in Spellcasting
 21611 | Swamp:3  | HP: 2/128 [acid[a spriggan druid] (8)]
 21628 | Swamp:4  | Entered Level 4 of the Swamp
 22141 | Swamp:3  | Noticed Jorgrun
 22160 | Swamp:3  | Killed Jorgrun
 22161 | Swamp:3  | Reached skill level 10 in Conjurations
 22231 | Swamp:3  | Noticed Bai Suzhen
 22249 | Swamp:3  | Killed Bai Suzhen
 22409 | Swamp:3  | Noticed Roxanne
 22430 | Swamp:3  | Killed Roxanne
 22850 | Swamp:4  | Noticed a tentacled monstrosity
 22866 | Swamp:4  | Killed a tentacled monstrosity
 22919 | Swamp:4  | Paralysed by an ogre mage for 3 turns
 22936 | Swamp:4  | Gained mutation: Your body often deteriorates upon taking
                  | damage. [a neqoxec]
 23063 | Swamp:4  | Found a transporter.
 23066 | Swamp:4  | Noticed Hubris850's ghost (adept HOFi)
 23067 | Swamp:4  | Found a transporter.
 23290 | Swamp:4  | Noticed Donald
 23304 | Swamp:4  | Killed Donald
 23437 | Swamp:4  | Noticed a tentacled monstrosity
 23444 | Swamp:4  | Killed a tentacled monstrosity
 23449 | Swamp:4  | Paralysed by a fenstrider witch for 3 turns
 23586 | Abyss:2  | Cast into level 2 of the Abyss (a wizard)
 23682 | Abyss:2  | Gained mutation: You have claws for hands. [demonic
                  | ancestry]
 23682 | Abyss:2  | Reached XP level 17. HP: 101/133 MP: 32/32
 23755 | Abyss:3  | Noticed a lich
 23763 | Abyss:3  | Killed a lich
 23766 | Abyss:3  | Gained mutation: You have hidden genetic defects. [a
                  | cacodemon]
 23851 | Abyss:3  | Paralysed by accursed screaming for 1 turns
 23865 | Abyss:3  | Paralysed by accursed screaming for 2 turns
 23870 | Abyss:3  | Killed from afar by an eidolon

Illustrated notes

Levels and vault maps discovered:
D:1:      spicycebolla_green_bress_n_ham_2, layout_rooms, serial_shops, shop,
          minmay_misc_feat_hallway
D:2:      layout_basic, uniq_robin
D:3:      minmay_evil_eye, layout_basic,
          mainiacjoe_overflow_concentric_impassable, lemuel_tele_altar,
          gammafunk_temple_overflow_arena, nemelex_altar_shiori,
          kennysheep_generic_room_6
D:4:      layout_gridville, serial_shops, nicolae_shop_bloodbath_and_beyond,
          minmay_statues_item
D:5:      layout_rooms, uniq_ijyb, uniq_crazy_yiuf_cottage, uniq_edmund,
          uniq_sigmund, uniq_pikel
D:6:      wad_pebble_path, layout_basic, minmay_temple_entry_fiery
D:7:      layout_gridville, enter_bailey_2, minmay_alternating_orb,
          uniq_prince_ribbit1
D:8:      layout_loops_ring, marbit_many_paths, gammafunk_ghost_spectres,
          serial_shops, shop, st_stairs_3
D:9:      layout_gridville, nicolae_gozag_conspicuous_consumption,
          nzn_hepliaklqana_mist_gate, david_lair_generic, serial_shops,
          nicolae_shop_statue_plus
D:10:     layout_basic, amcnicky_altar_gilded, erik_orc_3, serial_shops, shop,
          minmay_misc_feat_four_crosses
D:11:     layout_long_grid, serial_shops, nicolae_shop_crystal,
          portal_ice_cave_demonic_guard, hangedman_decor_opposing, uniq_lodul,
          uniq_erolcha, uniq_nergalle
D:12:     layout_long_grid, nicolae_trove_entry_path_of_doom, uniq_frances
Lair:1:   layout_loops_ring, uniq_maggie, uniq_fannar
Lair:2:   layout_regular_city, alex1729_swamp_entry_worm_eleionoma,
          nicolae_spider_entry_non_spiders, enter_volcano_4,
          cheibrodos_lair_caveside_slide
Lair:3:   layout_hall_layers, grunt_megastairs_3
Lair:4:   beast_lair_carwin_large_1, layout_long_grid, slime_entry_2,
          serial_bayou_shore_b, serial_bayou_shore_a
Lair:5:   guppyfry_lair_end_dragon, layout_long_grid,
          hangedman_lair_caniforms_friends
Swamp:1:  layout_falls_marsh, evilmike_swamp_ruin_house_5, swamp_pool2,
          infiniplex_staircase_pool
Swamp:2:  layout_basic_swamp, evilmike_swamp_ruin_rubble_1
Swamp:3:  layout_falls_marsh, hangedman_swamp_pad, uniq_jorgrun,
          uniq_bai_suzhen, uniq_roxanne
Swamp:4:  nzn_swamp_witches_coven, layout_basic_swamp, gammafunk_ghost_arena,
          swamp_pool1, uniq_donald
Abyss:3:  base: Lair:5, evilmike_abyss_exit_kraken, serial_sigils_hangedman_gut,
          evilmike_abyss_exit_mutagenic

Skill      XL: |  1  2  3  4  5  6  7  8  9 10 11 12 13 14 15 16 |
---------------+-------------------------------------------------+-----
Shapeshifting  | 1 2 3 5 6 7 8 9 10 11 | 11.9
Unarmed Combat | 3 4 5 6 7 8 9 10 11 | 11.0
Dodging        | 3 4 5 6 8 9 10 11 | 11.0
Spellcasting   | 1 3 4 5 6 7 9 11 | 11.9
Transmutations | 1 3 4 5 7 8 |  8.0
Fighting       | 4 6 7 8 |  8.2
Conjurations   | 4 5 9 10 | 10.1
Invocations    | 5 6 7 |  7.4
Air Magic      | 1 6 7 |  7.4

Action                     |  1- 3 |  4- 6 |  7- 9 | 10-12 | 13-15 | 16-18 || total
---------------------------+-------+-------+-------+-------+-------+-------++-------
  Melee: Unarmed           |   110 |    91 |   203 |   500 |   760 |   451 ||  2115
         Kick              |       |       |    52 |   226 |   404 |   214 ||   896
   Cast: Wereblood         |       |       |     2 |     4 |    23 |    10 ||    39
         Irradiate         |       |       |       |       |     4 |     6 ||    10
         Arcjolt           |       |       |       |       |     7 |    13 ||    20
 Invoke: Stomp             |       |     1 |     3 |     4 |     2 |       ||    10
         Line Pass         |       |       |     1 |     5 |     4 |     1 ||    11
    Use: Potion            |       |     3 |     1 |     7 |     6 |     4 ||    21
         Scroll            |       |       |     8 |    17 |     4 |     4 ||    33
   Stab: Paralysed         |       |     1 |    10 |    42 |   107 |    60 ||   220
         Distracted        |       |       |       |     1 |       |       ||     1
         Confused          |       |       |       |       |     1 |       ||     1
         Petrifying        |       |       |       |       |     1 |       ||     1
         Petrified         |       |       |       |       |     1 |       ||     1
 Armour: Robe              |    23 |    49 |    59 |    31 |       |       ||   162
         Skin              |       |       |    10 |       |       |       ||    10
         Leather armour    |       |       |       |    34 |       |       ||    34
         Troll leather arm |       |       |       |    64 |   310 |   172 ||   546
  Dodge: Dodged            |    86 |    70 |   183 |   440 |   953 |   461 ||  2193
   Form: Flux              |       |       |     1 |       |       |       ||     1

Table legend: (Time is in decaauts)
 A = Elapsed time spent in this place.
 B = Non-inter-level travel time spent in this place.
 C = Inter-level travel time spent in this place.
 D = Time resting spent in this place.
 E = Time spent auto-exploring this place.
 F = Levels seen in this place.
 G = Mean time per level.
                   A        B        C        D        E       F      G
               +--------+--------+--------+--------+--------+-----+--------+
         Total |  23858 |  20698 |   3160 |      0 |  15793 |  24 |  994.1 |
       Dungeon |  13027 |  10496 |   2531 |      0 |   8214 |  12 | 1085.6 |
          Lair |   5704 |   5173 |    531 |      0 |   3975 |   5 | 1140.8 |
         Swamp |   3937 |   3839 |     98 |      0 |   2953 |   4 |  984.2 |
         Abyss |    278 |    278 |      0 |      0 |    189 |   2 |  139.0 |
        Bailey |    910 |    910 |      0 |      0 |    460 |   1 |  910.0 |
               +--------+--------+--------+--------+--------+-----+--------+

Top non-repeatable levels by time:
  Lair:5: 1775 daAuts
    D:10: 1604 daAuts
     D:8: 1411 daAuts
     D:2: 1390 daAuts
     D:7: 1338 daAuts
    D:11: 1251 daAuts
  Lair:2: 1206 daAuts
 Swamp:4: 1156 daAuts
     D:3: 1145 daAuts
     D:9: 1045 daAuts
 Swamp:2: 989 daAuts
  Lair:4: 985 daAuts
  Lair:3: 953 daAuts
 Swamp:1: 946 daAuts
  Bailey: 910 daAuts
